Map: Cyber Forest LE

Players

goblin

  • Race: Protoss Protoss
  • Spawn Location: 11:00

ShoWTimE - Winner!

  • Race: Protoss Protoss
  • Spawn Location: 5:00

Event: 2019 WCS Summer

VOD

Have the link to the VOD?

Description

Time

  • Played on: July 12, 2019, 10:16 a.m.
  • Length: 13:25

All games in this series

Show
View Real Time Build Order
Export as new Build Order

goblin Protoss 

Build Orders:  

Get SALT Encoding   

  12  0:00  Probe  
  13  0:12  Probe  
  14  0:18  Pylon  
  14  0:24  Probe  
  15  0:32  Probe  
  15  0:37  Gateway  
  15  0:40  Probe  
  16  0:45  Assimilator  
  17  0:51  Probe  
  17  0:54  Assimilator  
  18  0:59  Probe  
  19  1:07  Probe  
  19  1:08  Gateway  
  19  1:17  Probe  
  20  1:24  Cybernetics Core  
  21  1:29  Probe  
  22  1:34  Pylon  
  22  1:41  Probe  
  23  1:48  Pylon  
  24  2:02  Adept x2  
  24  2:03  Warp Gate  
  28  2:11  Robotics Facility  
  27  2:16  Probe  
  28  2:32  Stalker x2  
  32  2:46  Shield Battery  
  32  2:47  Immortal  
  36  3:08  Pylon  
  36  3:18  Warp Prism  
  38  3:52  Stalker x2  
  38  3:54  Observer  
  43  4:28  Stalker x2  
  45  4:36  Pylon  
  45  4:39  Immortal  
  47  4:47  Observer  
  47  4:55  Observer  
  47  5:05  Stalker, Sentry  
  51  5:14  Observer  
  51  5:15  Pylon  
  51  5:27  Immortal  
  51  5:30  Nexus  
  52  5:52  Adept x2  
  52  5:53  Probe  
  57  5:59  Pylon  
  53  6:11  Immortal  
  55  6:21  Stalker  
  55  6:28  Sentry  
  51  6:45  Immortal  
  51  6:46  Observer  
  47  6:56  Probe x2  
  47  6:57  Adept x2  
  53  7:12  Immortal  
  50  7:21  Adept x2  
  50  8:05  Stargate  
  50  8:06  Probe x2, Stargate  
  47  8:19  Stalker  
  48  8:23  Pylon  
  44  8:38  Probe  
  44  8:41  Warp Prism  
  44  8:42  Probe  
  44  8:45  Adept  
  44  8:46  Probe  
  44  8:47  Stalker  
  50  8:54  Probe  
  52  9:05  Phoenix  
  52  9:15  Stargate  
  53  9:17  Zealot  
  53  9:23  Phoenix  
  55  9:26  Probe x2  
  58  9:39  Probe x2  
  58  9:44  Phoenix  
  60  9:55  Probe, Phoenix, Assimilator x2  
  60  9:59  Pylon  
  63  10:10  Phoenix  
  65  10:15  Probe x2  
  65  10:18  Phoenix  
  69  10:34  Phoenix  
  71  10:37  Probe x2  
  73  10:44  Phoenix  
  73  10:49  Probe x2  
  75  10:54  Phoenix  
  77  10:59  Pylon  
  79  11:05  Phoenix  
  81  11:13  Shield Battery  
  81  11:19  Phoenix  
  83  11:25  Phoenix  
  85  11:36  Pylon  
  85  11:40  Adept x2  
  91  11:53  Oracle  
  90  12:03  Oracle  
  87  12:09  Pylon  
  87  12:11  Pylon  
  40  12:39  Stalker  
Show
View Real Time Build Order
Export as new Build Order

ShoWTimE Protoss - Winner!

Build Orders: Oracle Opening, Phoenix Opening 

Get SALT Encoding   

  12  0:00  Probe  
  13  0:12  Probe  
  14  0:17  Pylon  
  14  0:24  Probe  
  15  0:32  Probe  
  15  0:36  Gateway  
  15  0:40  Probe  
  16  0:46  Assimilator  
  17  0:51  Probe  
  17  0:54  Assimilator  
  18  0:59  Probe  
  19  1:07  Probe  
  19  1:11  Gateway  
  19  1:17  Probe  
  20  1:24  Cybernetics Core  
  21  1:29  Probe  
  22  1:34  Pylon  
  22  1:41  Probe  
  23  1:53  Probe  
  24  2:00  Stalker x2  
  28  2:02  Warp Gate  
  28  2:12  Pylon  
  28  2:23  Stargate  
  28  2:30  Stalker  
  30  2:37  Stalker  
  32  2:46  Probe  
  33  2:57  Oracle  
  33  3:00  Shield Battery  
  36  3:18  Nexus  
  36  3:31  Shield Battery x2  
  36  3:34  Robotics Facility  
  31  3:36  Pylon  
  31  3:41  Phoenix  
  31  3:42  Shield Battery  
  31  3:50  Pylon  
  33  4:03  Stalker  
  33  4:05  Shield Battery  
  35  4:11  Zealot  
  35  4:13  Immortal  
  39  4:36  Pylon  
  39  4:45  Adept x2  
  43  4:52  Observer  
  44  5:01  Pylon  
  44  5:03  Warp Prism  
  46  5:26  Oracle  
  49  5:30  Adept  
  49  5:33  Probe, Gateway  
  52  5:45  Probe  
  47  5:54  Immortal  
  51  6:01  Pylon  
  51  6:06  Adept  
  53  6:11  Observer  
  44  6:26  Immortal  
  44  6:38  Stalker  
  48  6:53  Phoenix  
  50  7:02  Adept x2  
  43  7:25  Phoenix  
  43  7:32  Immortal  
  43  7:41  Sentry  
  49  7:50  Nexus  
  49  7:53  Probe  
  50  8:05  Probe  
  51  8:17  Probe  
  51  8:18  Phoenix  
  54  8:29  Probe  
  55  8:37  Phoenix  
  55  8:41  Probe  
  55  8:44  Stalker  
  60  8:50  Adept  
  60  9:05  Probe  
  60  9:06  Probe, Phoenix  
  58  9:18  Probe  
  58  9:21  Probe  
  60  9:30  Probe  
  61  9:31  Adept  
  61  9:33  Probe  
  63  9:42  Probe, Twilight Council  
  63  9:45  Probe  
  65  9:50  Phoenix  
  65  9:54  Probe  
  65  9:59  Probe  
  69  10:01  Pylon  
  69  10:02  Assimilator  
  69  10:05  Assimilator  
  69  10:06  Probe  
  71  10:16  Immortal  
  71  10:19  Dark Shrine  
  74  10:29  Phoenix  
  74  10:30  Sentry  
  74  10:31  Shield Battery  
  74  10:32  Shield Battery  
  74  10:35  Charge  
  78  10:43  Phoenix  
  78  10:53  Shield Battery, Gateway  
  78  10:55  Phoenix  
  80  11:04  Gateway  
  80  11:12  Gateway  
  80  11:16  Gateway  
  80  11:28  Observer  
  81  11:34  Dark Templar x2  
  85  11:43  Shield Battery  
  85  11:44  Pylon  
  85  11:48  Shield Battery  
  85  11:51  Pylon  
  84  11:54  Dark Templar  
  86  12:01  Pylon  
  86  12:11  Gateway  
  86  12:12  Dark Templar, Gateway  
  88  12:20  Stalker  
  88  12:23  Stalker  
  76  12:30  Stalker  
  76  12:36  Dark Templar  
  72  12:39  Dark Templar  
  72  12:41  Probe  
  71  12:44  Archon  
  71  12:55  Dark Templar x2  
  71  12:56  Probe  
  71  12:57  Probe  
  77  13:02  Archon  
  74  13:07  Archon  
  74  13:08  Probe  
  74  13:09  Probe  
  70  13:13  Dark Templar  
  69  13:22  Archon  
Tags
 
Add a new tag
Caveats
  • Supply blocks, unpowered buildings, or Contaminate may cause inaccurate times.
  • Supply counts are checked every 10 seconds.